 Seeded DCSS version 0.29-a0-23-ga79f92ac9c (webtiles) character file.

Game seed: 10000000000011 (custom seed)

71 knot the Chopper (level 4, -3/48 (52) HPs)
             Began as a Demonspawn Berserker on Jan 31, 2022.
             Was a Follower of Trog.
             Killed from afar by Dowan (10 damage)
             ... with a puff of flame
             ... on level 4 of the Dungeon.
             The game lasted 00:01:04 (1503 turns).

knot the Chopper (Demonspawn Berserker)             Turns: 1503, Time: 00:01:04

HP:   -3/48 (52)    AC:  2    Str: 17    XL:     4   Next: 5%
MP:   4/4           EV: 12    Int: 10    God:    Trog [*.....]
Gold: 45            SH:  5    Dex: 13    Spells: 3/3 levels left

rFire   . . .      SeeInvis .   a - +0 hand axe
rCold   . . .      Faith    .   (no shield)
rNeg    . . .      Spirit   .   b - +0 animal skin
rPois   .          Reflect  +   (no helmet)
rElec   .          Harm     .   (no cloak)
rCorr   .          Rampage  .   (no gloves)
Will    .....                   (no boots)
Stlth   ..........              d - amulet of reflection
HPRegen 0.16/turn               (no ring)
MPRegen 0.18/turn               (no ring)

@: berserking, drained, very quick
A: magic regeneration, demonic touch 1
a: Renounce Religion, Berserk


You were on level 4 of the Dungeon.
You worshipped Trog.
Trog was aware of your devotion.
You visited 1 branch of the dungeon, and saw 3 of its levels.

You collected 45 gold pieces.

Inventory:

Hand Weapons
 a - a +0 hand axe (weapon)
Missiles
 f - 21 stones (quivered)
Armour
 b - a +0 animal skin (worn)
Jewellery
 d - an amulet of reflection (around neck)
Scrolls
 c - a scroll of amnesia {unknown}
Potions
 e - a potion of curing {unknown}
 g - a potion of lignification {unknown}
 h - a potion of might {unknown}


   Skills:
 - Level 3.0 Fighting
 + Level 4.5 Axes
 - Level 1.7 Armour
 - Level 1.7 Dodging


You had 3 spell levels left.
You didn't know any spells.
Your spell library contained the following spells:

 Spells                   Type           Power      Damage    Failure   Level
 Ensorcelled Hibernation  Hex/Ice        0%         N/A       50%         2
 Passwall                 Tmut/Erth      0%         N/A       50%         2
 Swiftness                Air            0%         N/A       75%         3


Dungeon Overview and Level Annotations

Branches:
Dungeon (2/15)

Altars:

Annotations:
D:4 Dowan, Duvessa, Ijyb


Innate Abilities, Weirdness & Mutations

You regenerate magic rapidly.
Your touch may inflict minor irresistible damage on your foes.


Message History

You feel sick.
Ijyb zaps a wand.
You resist with significant effort.
Your Axes skill increases to level 4!
You have reached level 4!
You feel agile.
Dowan and a goblin come into view.
Dowan is wielding a +0 dagger, wearing a +2 robe of fire resistance and carrying a wand of flame (28).
You feel sick.
Dowan shouts!
The goblin shouts!
You see here an adder corpse.
You slash Duvessa!
You touch Duvessa.
Duvessa is moderately wounded.
You barely miss Ijyb.
You feel sick. Duvessa misses you.
You slash Duvessa!
Duvessa is heavily wounded.
You hit Ijyb but do no damage.
You feel sick. Ijyb hits you with a +0 club.
Duvessa hits you with a +2 short sword of draining!
You feel drained.
You hit Duvessa.
Duvessa is severely wounded.
You barely miss Ijyb.
You feel sick. You block Ijyb's attack.
You hit Duvessa.
Duvessa is severely wounded.
You barely miss Ijyb. Ijyb hits you with a +0 club.
Duvessa hits you with a +2 short sword of draining!
* * * LOW HITPOINT WARNING * * *
You feel drained.
You are too injured to fight recklessly!
You are too injured to fight recklessly!
You are too injured to fight recklessly!
You barely miss Ijyb.
You touch Ijyb.
Ijyb is moderately wounded.
You hit Duvessa.
You feel sick.
You are no longer poisoned.
Ijyb hits you with a +0 club.
* * * LOW HITPOINT WARNING * * *
You hit Ijyb.
Ijyb is heavily wounded.
You barely miss Duvessa. Duvessa barely misses you.
Dowan zaps a wand.
The puff of flame hits you!
You die...

#########
##...#...##
.##.........##
.....g.@g....#
##.....e.....#
.............#
....e...$...##
.......#...##
....########
.... ...


You could see Duvessa, Ijyb, Dowan and a goblin.

Vanquished Creatures
  A centaur skeleton (D:4)
  An adder (D:4)
  3 endoplasms
  A giant cockroach (D:1)
  3 goblins
  2 hobgoblins (D:1)
  10 jackals (D:1)
  A ball python (D:2)
  2 bats (D:2)
  2 frilled lizards (D:1)
  4 rats (D:1)
30 creatures vanquished.

Notes
Turn   | Place    | Note
-------+----------+-------------------------------------------
     0 | D:1      | knot the Demonspawn Berserker began the quest for the Orb.
     0 | D:1      | Reached XP level 1. HP: 18/18 MP: 1/1
   153 | D:1      | Reached skill level 3 in Axes
   270 | D:1      | Gained mutation: You regenerate magic rapidly. [demonic
                  | ancestry]
   270 | D:1      | Reached XP level 2. HP: 8/24 MP: 2/2
  1402 | D:2      | Gained mutation: Your touch may inflict minor irresistible
                  | damage on your foes. [demonic ancestry]
  1402 | D:2      | Reached XP level 3. HP: 29/29 MP: 3/3
  1491 | D:2      | You fall into a shaft and drop 2 floors!
  1491 | D:4      | Noticed Duvessa
  1491 | D:4      | Noticed Ijyb
  1497 | D:4      | Reached skill level 4 in Axes
  1497 | D:4      | Reached XP level 4. HP: 35/35 MP: 4/4
  1497 | D:4      | Noticed Dowan
  1503 | D:4      | Killed from afar by Dowan

Illustrated notes

Levels and vault maps discovered:
D:1:      lordsloth_arrival_two_stooges, layout_basic, grunt_decor_fettered,
          minmay_misc_feat_diagonals, nicolae_concentric_dashed_squares_wild
D:2:      layout_rooms, hangedman_decor_clover_reticule
D:4:      layout_rooms, temple_doors_e, uniq_duvessa, uniq_ijyb

Skill      XL: |  1  2  3 |
---------------+----------+-----
Axes           | 3 4 |  4.5
Fighting       | |  3.0
Armour         | |  1.7
Dodging        | |  1.7

Action                   |  1- 3 |  4- 6 || total
-------------------------+-------+-------++-------
Melee: Hand axe          |    71 |     6 ||    77
       Punch             |     1 |       ||     1
       Touch             |     2 |     2 ||     4
Invok: Berserk           |     2 |       ||     2
 Stab: Sleeping          |     1 |       ||     1
Armor: Animal skin       |    19 |       ||    19
Dodge: Dodged            |    47 |     2 ||    49
Block: Other             |    11 |     1 ||    12

Table legend: (Time is in decaauts)
 A = Elapsed time spent in this place.
 B = Non-inter-level travel time spent in this place.
 C = Inter-level travel time spent in this place.
 D = Time resting spent in this place.
 E = Time spent auto-exploring this place.
 F = Levels seen in this place.
 G = Mean time per level.
                   A        B        C        D        E       F      G
               +--------+--------+--------+--------+--------+-----+--------+
         Total |   1520 |   1491 |     29 |    376 |    949 |   3 |  506.7 |
       Dungeon |   1520 |   1491 |     29 |    376 |    949 |   3 |  506.7 |
               +--------+--------+--------+--------+--------+-----+--------+

Top non-repeatable levels by time:
     D:1: 1417 daAuts
     D:2: 93 daAuts
     D:4: 9 daAuts
